 Dungeon Crawl Stone Soup version 0.31.0-9-g3a7656b989 (webtiles) character file.

Game seed: 8874825371216472067

63 FinalFate the Cudgeller (level 3, -1/34 HPs)
             Began as a Minotaur Berserker on Jan 24, 2024.
             Was a Believer of Trog.
             Slain by a hound (5 damage)
             ... on level 5 of the Dungeon.
             The game lasted 00:08:18 (1864 turns).

FinalFate the Cudgeller (Minotaur Berserker)        Turns: 1864, Time: 00:08:19

Health: -1/34      AC:  7    Str: 23    XL:     3   Next: 87%
Magic:  2/2        EV: 10    Int:  4    God:    Trog [**....]
Gold:   58         SH:  0    Dex:  9    Spells: 2/2 levels left

rFire   . . .        a - +0 mace
rCold   . . .        (no shield)
rNeg    . . .        o - +0 scale mail
rPois   .            (helmet restricted)
rElec   .            (no cloak)
rCorr   .            (no gloves)
SInv    .            l - +0 pair of boots
Will    .....        (no amulet) Stlth
                     (no ring)
HPRegen 0.25/turn    (no ring)
MPRegen 0.08/turn

%: no passive effects
@: no status effects
A: horns 2, retaliatory headbutt
a: Renounce Religion, Berserk, Trog's Hand


You were on level 5 of the Dungeon.
You worshipped Trog.
Trog was pleased with you.
You visited 1 branch of the dungeon, and saw 4 of its levels.

You collected 58 gold pieces.

Inventory:

Hand Weapons
 a - a +0 mace (weapon)
Armour
 b - a +0 animal skin
 e - a +0 leather armour
 l - a +0 pair of boots (worn)
 o - a +0 scale mail (worn)
Jewellery
 q - a ring of fire
Wands
 r - a wand of flame (18)
Scrolls
 c - 3 scrolls of identify {unknown}
 d - a scroll of amnesia {unknown}
 g - a scroll of enchant armour {unknown}
 h - a scroll of poison {unknown}
 m - a scroll of fear {unknown}
 n - a scroll of blinking {unknown}
 p - 2 scrolls of immolation {unknown}
Potions
 f - a potion of magic {unknown}
 i - a potion of berserk rage {unknown}
 j - a potion of heal wounds {unknown}
 k - a potion of invisibility {unknown}
 s - a potion of lignification {unknown}
 t - a potion of ambrosia {unknown}
 u - a potion of resistance {unknown}
 v - a potion of curing {unknown}


   Skills:
 * Level 4.4 Fighting
 * Level 4.7 Maces & Flails
 * Level 2.7 Armour
 * Level 2.6 Dodging


You had 2 spell levels left.
You didn't know any spells.
Your spell library was empty.

Dungeon Overview and Level Annotations

Branches:
Dungeon (3/15)

Altars:


Innate Abilities, Weirdness & Mutations

You have a pair of horns on your head.
You reflexively headbutt those who attack you in melee.


Message History

The hound bites you. The jelly attacks as it pursues you!
The jelly hits you but does no damage. The hound bites you but does no damage.
The hound barely misses you. You furiously retaliate!
You headbutt the hound. The hound bites you but does no damage.
The hound attacks as it pursues you! The hound bites you.
The hound bites you but does no damage. The hound attacks as it pursues you!
The hound barely misses you. You furiously retaliate!
You headbutt the hound. The hound bites you.
The hound attacks as it pursues you! The hound barely misses you.
The hound bites you. The hound attacks as it pursues you!
The hound closely misses you. You furiously retaliate!
You headbutt the hound. The hound bites you but does no damage.
The hound attacks as it pursues you! The hound bites you.
The hound bites you but does no damage.
Found a scroll labelled SIGIERA DOCH.
The hound attacks as it pursues you! The hound barely misses you. x2
An orc and a dart slug come into view.
Found a scroll labelled FUZUGO WIERA, a large ruby ring and a robe.
Found a stone staircase leading down.
The hound attacks as it pursues you! The hound bites you. x2
* * * LOW HITPOINT WARNING * * *
The orc closely misses you.
Found a scroll labelled PEQECVERI and 10 gold pieces.
The orc hits you but does no damage. The hound attacks as it pursues you!
The hound closely misses you. The hound bites you but does no damage.
The orc attacks as it pursues you! The orc hits you with a +0 whip.
* * * LOW HITPOINT WARNING * * *
The hound attacks as it pursues you! The hound barely misses you.
The hound barely misses you.
A scorpion and a phantom come into view.
The hound attacks as it pursues you! The hound misses you. The hound bites you.
* * * LOW HITPOINT WARNING * * *
The hound attacks as it pursues you! The hound bites you but does no damage.
The orc attacks as it pursues you! The orc hits you but does no damage.
The scorpion stings you but does no damage.
The hound bites you.
You die...

## #..?.......
.######
###..........
......###o........#
.####.....o....?..#
.# #####.........#
.# #...o.....# .#
#..w......# .#
#.....J.h..# .#
#..=....o@.# .
#......W.s$#
#.....[......
#..........###
......#.#.##
.###.#.#.# . ..#.#
# .###.#


You could see a phantom, a scorpion, a hound, a jelly, an orc priest, a dart
slug and 3 orcs.

Vanquished Creatures
  2 adders (D:2)
  2 dart slugs
  An orc (D:5)
  2 endoplasms
  A giant cockroach (D:1)
  2 hobgoblins (D:2)
  2 jackals (D:3)
  5 kobolds
  A quokka (D:1)
  6 ball pythons
  6 bats
  3 frilled lizards
  4 goblins
  3 rats
40 creatures vanquished.

Notes
Turn   | Place    | Note
-------+----------+-------------------------------------------
     0 | D:1      | FinalFate the Minotaur Berserker began the quest for the
                  | Orb.
     0 | D:1      | Reached XP level 1. HP: 19/19 MP: 0/0
   180 | D:1      | Reached XP level 2. HP: 23/27 MP: 1/1
   648 | D:2      | Reached XP level 3. HP: 27/33 MP: 2/2
   869 | D:2      | Reached ** piety under Trog
  1163 | D:2      | Found a faded altar of an unknown god.
  1749 | D:3      | You fall into a shaft and drop 2 floors!
  1749 | D:5      | Entered Level 5 of the Dungeon
  1861 | D:5      | Noticed a scorpion
  1861 | D:5      | Noticed a phantom
  1864 | D:5      | Slain by a hound

Illustrated notes

Levels and vault maps discovered:
D:1:      mainiacjoe_arrival_reflecting_pool, layout_basic
D:2:      layout_loops_corners, hellmonk_ecumenical_altar_lost_god
D:3:      layout_loops_ring, vehumet_statue, kennysheep_generic_room_8,
          uniq_natasha
D:5:      layout_basic, lemuel_coloured_pillars_altar, minmay_temple_entry_ruins

Skill      XL: |  1 |
---------------+----+-----
Fighting       | 4 |  4.4
Maces & Flails | 4 |  4.7
Armour         | |  2.7
Dodging        | |  2.6

Action                     || total
---------------------------++-------
  Melee: Mace              ||    88
         Headbutt          ||     6
         Punch             ||     2
 Armour: Animal skin       ||     9
         Leather armour    ||    34
         Scale mail        ||    61
  Dodge: Dodged            ||    79
